 Dungeon Crawl Stone Soup version 0.32-a0-411-g744942f433 (webtiles) character file.

Game seed: 3903503413537483959

431 adelrune the Covered (level 6, -12/52 HPs)
             Began as an Armataur Fighter on Feb 20, 2024.
             Mangled by an ogre
             ... wielding a +0 giant club
              (31 damage)
             ... on level 4 of the Dungeon.
             The game lasted 00:05:46 (2695 turns).

adelrune the Covered (Armataur Fighter)             Turns: 2695, Time: 00:05:46

Health: -12/52     AC: 10    Str: 23    XL:     6   Next: 66%
Magic:  6/6        EV:  7    Int: 12    God:
Gold:   170        SH:  4    Dex:  9    Spells: 5/5 levels left

rFire   + . .        a - +0 flail
rCold   + . .        c - +0 buckler
rNeg    . . .        s - +2 scale mail of Evolution {rElec Will+ SInv}
rPois   .            o - +0 helmet {Int+3}
rElec   +            i - scarf {rC+ rF+}
rCorr   .            (no gloves)
SInv    +            (no barding)
Will    +....        (no amulet) Stlth
                     (no ring)
HPRegen 0.28/turn    (no ring)
MPRegen 0.10/turn

%: roll
@: lethally poisoned (-12 -> -21)
A: large, deformed body, tough skin 3, armoured tail, roll 1
a: no special abilities


You were on level 4 of the Dungeon.
You visited 1 branch of the dungeon, and saw 4 of its levels.

You collected 170 gold pieces.

Inventory:

Hand Weapons
 a - a +0 flail (weapon)
Armour
 b - a +0 scale mail
 c - a +0 buckler (worn)
 i - a scarf of resistance (worn)
 k - a +0 kite shield
 o - a +0 helmet of intelligence (worn)
 s - the +2 scale mail of Evolution (worn) {rElec Will+ SInv}
   (You found it on level 3 of the Dungeon)

   rElec:     It insulates you from electricity.
   Will+:     It increases your willpower.
   SInv:      It lets you see invisible.
Wands
 p - a wand of flame (25)
Scrolls
 f - 2 scrolls of poison
 j - a scroll of butterflies {unknown}
 l - a scroll of revelation {unknown}
 m - a scroll of identify {unknown}
 n - a scroll of immolation {unknown}
 q - a scroll of fear {unknown}
 r - a scroll of vulnerability {unknown}
Potions
 d - a potion of lignification {unknown}
 e - 5 potions of curing {unknown}
 g - a potion of brilliance {unknown}
 h - a potion of haste {unknown}
 t - a potion of resistance {unknown}


   Skills:
 + Level 3.9 Fighting
 * Level 4.3 Maces & Flails
 + Level 5.1 Armour
 + Level 4.7 Shields


You had 5 spell levels left.
You didn't know any spells.
Your spell library contained the following spells:

 Spells                   Type           Power      Damage    Failure   Level
 Magic Dart               Conj           0%         1d3       67%         1
 Searing Ray              Conj           0%         2d4       82%         2
 Fulminant Prism          Conj/Alch      0%         3d5       100%        4


Dungeon Overview and Level Annotations

Branches:
Dungeon (4/15)
 Temple: D:4-7

Altars:
Ashenzari

Annotations:
D:3 1 runed translucent door, Crazy Yiuf


Innate Abilities, Weirdness & Mutations

Armour fits poorly on your strangely shaped body.
You have extremely tough skin. (AC +3)
You have a long armoured tail.
You regenerate magic when rolling toward enemies. (Rampage MPRegen)


Message History

The orc attacks as it pursues you! You block the orc's attack.
The orc warrior attacks as it pursues you!
The orc warrior hits you with a +0 dire flail.
The orc warrior attacks as it pursues you!
The orc warrior hits you but does no damage.
The orc warrior attacks as it pursues you!
The orc warrior hits you but does no damage.
The orc attacks as it pursues you! The orc hits you with a +0 hand axe.
The orc attacks as it pursues you! The orc hits you but does no damage.
The orc barely misses you.
There is a stone staircase leading up here.
The orc hits you but does no damage.
You climb upwards.
Level annotation: 1 runed translucent door, Crazy Yiuf
There is a stone staircase leading down here.
You hit the orc.
The orc is lightly wounded.
The orc hits you with a +0 hand axe.
You closely miss the orc.
The orc is lightly wounded.
You block the orc's attack.
You sock the orc!
You kill the orc!
No target in view!
No target in view!
You start resting.
HP restored.
You climb downwards.
The orc warrior closely misses you.
The ogre hits you with a +0 giant club!!
The orc warrior hits you with a +0 dire flail.
There is a stone staircase leading up, spattered with blood here.
The air fills with toxic fumes!
As you read the scroll labelled NUKKIJ VETAPN, it crumbles to dust.
It was a scroll of poison.
You block the ogre's attack. The orc warrior barely misses you.
You are engulfed in poison gas.
You are poisoned.
You feel very sick.
The ogre hits you with a +0 giant club!!
Ouch! That really hurt!
You die...

.# ### .## #§§... .
####§##.# ..
#.##.§#§###§..
#######.##oO§§§§§§..
...§§§§§§§@§§§§§#§.###
#######§##§#§§#§# ....
#§§..§§§§§#.#.....
###.##§##§§§#.....
#..§§§.§§§§......
####§§..§§§§.....
####.§§§§.....
###.....##)....
#[.............


You could see an orc warrior and an ogre.

Vanquished Creatures
  2 bombardier beetles (D:3)
  3 orc priests (D:3)
  2 orc wizards
  6 adders
  A white imp (D:4)
  7 dart slugs
  4 ribbon worms
  8 orcs
  7 ball pythons
  4 endoplasms (D:2)
  9 hobgoblins
  2 jackals (D:3)
  8 kobolds
  A quokka (D:1)
  4 bats
  7 frilled lizards
  7 goblins
  3 rats
85 creatures vanquished.

Notes
Turn   | Place    | Note
-------+----------+-------------------------------------------
     0 | D:1      | adelrune the Armataur Fighter began the quest for the Orb.
     0 | D:1      | Reached XP level 1. HP: 18/18 MP: 1/1
   123 | D:1      | Reached XP level 2. HP: 24/25 MP: 2/2
   287 | D:1      | Reached XP level 3. HP: 31/31 MP: 3/3
   290 | D:1      | Reached skill level 4 in Armour
   843 | D:2      | Reached XP level 4. HP: 38/38 MP: 4/4
  1438 | D:3      | Reached XP level 5. HP: 45/45 MP: 5/5
  1477 | D:3      | Found a broken altar of Ashenzari.
  1585 | D:3      | Identified the +2 scale mail of Evolution {rElec Will+
                  | SInv}
  1876 | D:3      | Found a runed translucent door.
  1877 | D:3      | Noticed Crazy Yiuf
  1927 | D:3      | Reached XP level 6. HP: 22/52 MP: 6/6
  2127 | D:3      | Reached skill level 5 in Armour
  2607 | D:4      | Noticed an orc warrior
  2695 | D:4      | Mangled by an ogre

Illustrated notes

Levels and vault maps discovered:
D:1:      matt_arrival_diagonals, layout_loops_ring
D:2:      minmay_diamond_boxcup, layout_basic, minmay_crystal_room
D:3:      layout_basic, ashenzari_altar_1, uniq_crazy_yiuf_cottage
D:4:      layout_basic, kennysheep_mini

Skill      XL: |  1  2  3  4  5  6 |
---------------+-------------------+-----
Maces & Flails | 2 3 4 |  4.3
Fighting       | 3 |  3.9
Armour         | 4 5 |  5.1
Shields        | 4 |  4.7

Action                     |  1- 3 |  4- 6 || total
---------------------------+-------+-------++-------
  Melee: Flail             |    82 |   165 ||   247
         Tailslap          |     6 |    11 ||    17
    Use: Scroll            |       |     1 ||     1
         Potion            |       |     1 ||     1
 Armour: Scale mail        |    49 |   128 ||   177
  Dodge: Dodged            |    17 |    58 ||    75
  Block: Buckler           |    15 |    39 ||    54

Table legend: (Time is in decaauts)
 A = Elapsed time spent in this place.
 B = Non-inter-level travel time spent in this place.
 C = Inter-level travel time spent in this place.
 D = Time resting spent in this place.
 E = Time spent auto-exploring this place.
 F = Levels seen in this place.
 G = Mean time per level.
                   A        B        C        D        E       F      G
               +--------+--------+--------+--------+--------+-----+--------+
         Total |   2760 |   2701 |     59 |    317 |   1723 |   4 |  690.0 |
       Dungeon |   2760 |   2701 |     59 |    317 |   1723 |   4 |  690.0 |
               +--------+--------+--------+--------+--------+-----+--------+

Top non-repeatable levels by time:
     D:3: 1214 daAuts
     D:2: 768 daAuts
     D:1: 685 daAuts
     D:4: 92 daAuts
